 Dungeon Crawl Stone Soup version 0.29-a0-206-g4a66f2e2b5 (webtiles) character file.

Game seed: 12183861326807495109

99 vineage the Skirmisher (level 4, -1/27 HPs)
             Began as a Gargoyle Gladiator on Feb 23, 2022.
             Slain by Natasha (7 damage)
             ... on level 2 of the Dungeon.
             The game lasted 00:01:34 (1671 turns).

vineage the Skirmisher (Gargoyle Gladiator)         Turns: 1671, Time: 00:01:35

Health: -1/27      AC:  8    Str: 20    XL:     4   Next: 72%
Magic:  4/4        EV: 11    Int:  8    God:
Gold:   44         SH:  0    Dex:  9    Spells: 3/3 levels left

rFire   . . .      SeeInvis .   a - +1 flail
rCold   . . .      Faith    .   (no shield)
rNeg    + . .      Spirit   .   b - +0 leather armour
rPois   ∞          Reflect  .   c - +0 helmet
rElec   +          Harm     .   (no cloak)
rCorr   .          Rampage  .   k - +0 pair of gloves
Will    .....                   (no boots)
Stlth   +.........              (no amulet)
HPRegen 0.09/turn               (no ring)
MPRegen 0.09/turn               (no ring)

@: slowed, very slow
A: sickness immunity, AC +3, negative energy resistance 1, electricity
resistance, torment resistance 1, petrification resistance, clumsy 1, frail 1
a: no special abilities


You were on level 2 of the Dungeon.
You visited 1 branch of the dungeon, and saw 2 of its levels.

You collected 44 gold pieces.

Inventory:

Hand Weapons
 a - a +1 flail (weapon)
Missiles
 d - 3 throwing nets (quivered)
Armour
 b - a +0 leather armour (worn)
 c - a +0 helmet (worn)
 k - a +0 pair of gloves (worn)
Jewellery
 f - an amulet of faith
Scrolls
 e - a scroll of enchant weapon
 i - a scroll of identify
 l - a scroll of blinking {unknown}
Potions
 g - a potion of haste {unknown}
 h - a potion of cancellation {unknown}
 j - a potion of ambrosia {unknown}


   Skills:
 * Level 4.4 Fighting
 + Level 3.9 Maces & Flails
 - Level 1.7 Throwing
 - Level 2.4 Dodging


You had 3 spell levels left.
You didn't know any spells.
Your spell library was empty.

Dungeon Overview and Level Annotations

Branches:
Dungeon (2/15)

Altars:

Shops:
D:1 ?

Annotations:
D:2 Natasha


Innate Abilities, Weirdness & Mutations

You are immune to sickness and miasma.
Your stone body is resilient. (AC +3)
You are immune to poison.
You resist negative energy. (rN+)
You are resistant to electric shocks. (rElec)
You are resistant to unholy torment.
You are immune to petrification.
You are clumsy. (Dex -2)
You are frail. (-10% HP)


Message History

The magic dart hits you.
You closely miss Natasha.
Natasha is heavily wounded.
Natasha closely misses you.
You hit Natasha but do no damage.
Natasha is heavily wounded.
Natasha claws you. Natasha casts a spell at you.
You feel yourself slow down.
You hit Natasha.
Natasha is severely wounded.
Natasha claws you but does no damage.
You closely miss Natasha.
Natasha is severely wounded.
Natasha claws you but does no damage. Natasha casts a spell at you.
The magic dart hits you!
* * * LOW HITPOINT WARNING * * *
You are too injured to fight recklessly!
You are too injured to fight recklessly!
You are too injured to fight recklessly!
You are too injured to fight recklessly!
You are too injured to fight recklessly!
You are too injured to fight recklessly!
You are too injured to fight recklessly!
You are too injured to fight recklessly!
You are too injured to fight recklessly!
You are too injured to fight recklessly!
You are too injured to fight recklessly!
You are too injured to fight recklessly!
You are too injured to fight recklessly!
You are too injured to fight recklessly!
You barely miss Natasha.
Natasha is severely wounded.
Natasha closely misses you. Natasha claws you.
* * * LOW HITPOINT WARNING * * *
You hit Natasha.
Natasha is almost dead.
Natasha claws you!
You die...

#.# .... ###. #
#.##...... ..+.
........... .##.#.
##.#......>... ......
#....#............#.##
#..#.#............#.##
###..#..................
#................<..#.##
#......@........###.#.#
######..h.......# #.#.#
#.##...#...# #.#.#
#.##...#...###.#.##
#.##...............
#......(.........#.
#.###.##.#####.###.
#.....##.# #.# #.
#..##.##.# #.# #.


You could see Natasha.

Vanquished Creatures
  Jessica (D:2)
  Natasha (D:2)
  Terence (D:2)
  2 dart slugs (D:1)
  3 ball pythons
  2 bats (D:1)
  An endoplasm (D:2)
  3 goblins
  2 hobgoblins (D:1)
  2 jackals (D:1)
  A frilled lizard (D:1)
  2 kobolds (D:1)
  2 rats
23 creatures vanquished.

Notes
Turn   | Place    | Note
-------+----------+-------------------------------------------
     0 | D:1      | vineage the Gargoyle Gladiator began the quest for the Orb.
     0 | D:1      | Reached XP level 1. HP: 12/12 MP: 1/1
     8 | D:1      | Found Uxoteori's Magic Scroll Shop.
    76 | D:1      | Reached XP level 2. HP: 16/18 MP: 2/2
   113 | D:1      | Found a faded altar of an unknown god.
   204 | D:1      | Reached skill level 3 in Fighting
   698 | D:2      | Reached XP level 3. HP: 21/23 MP: 3/3
   724 | D:2      | Gained mutation: You are clumsy. (Dex -2) [potion of
                  | mutation]
   724 | D:2      | Gained mutation: You are frail. (-10% HP) [potion of
                  | mutation]
   777 | D:2      | Noticed Jessica
   780 | D:2      | Killed Jessica
   867 | D:2      | Noticed Terence
   888 | D:2      | Killed Terence
   889 | D:2      | Reached skill level 4 in Fighting
   889 | D:2      | Reached XP level 4. HP: 3/26 MP: 4/4
  1318 | D:2      | Noticed Natasha
  1330 | D:2      | Killed Natasha
  1661 | D:2      | Noticed Natasha
  1671 | D:2      | Slain by Natasha

Illustrated notes

Levels and vault maps discovered:
D:1:      heliophobic_arrival_ceremonial_halls, layout_basic,
          hellmonk_ecumenical_altar_arch_garden, serial_shops, shop,
          minmay_crystal_water
D:2:      layout_basic, lemuel_old_faithful, uniq_terence, uniq_jessica,
          uniq_natasha

Skill      XL: |  1  2  3 |
---------------+----------+-----
Fighting       | 3 4 |  4.4
Maces & Flails | |  3.9
Throwing       | |  1.7
Dodging        | |  2.4

Action                   |  1- 3 |  4- 6 || total
-------------------------+-------+-------++-------
Melee: Flail             |    45 |    19 ||    64
  Use: Scroll            |     3 |       ||     3
       Potion            |     1 |       ||     1
Armor: Leather armour    |    32 |     5 ||    37
Dodge: Dodged            |    37 |     7 ||    44

Table legend: (Time is in decaauts)
 A = Elapsed time spent in this place.
 B = Non-inter-level travel time spent in this place.
 C = Inter-level travel time spent in this place.
 D = Time resting spent in this place.
 E = Time spent auto-exploring this place.
 F = Levels seen in this place.
 G = Mean time per level.
                   A        B        C        D        E       F      G
               +--------+--------+--------+--------+--------+-----+--------+
         Total |   1692 |   1663 |     29 |    385 |   1075 |   2 |  846.0 |
       Dungeon |   1692 |   1663 |     29 |    385 |   1075 |   2 |  846.0 |
               +--------+--------+--------+--------+--------+-----+--------+

Top non-repeatable levels by time:
     D:2: 1032 daAuts
     D:1: 660 daAuts
